 Dungeon Crawl Stone Soup version 0.31-a0-880-g9a209b2425 (webtiles) character file.

Game seed: 3889709735245016654

875 BinkBink the Cutter (level 8, -2/48 HPs)
             Began as a Kobold Fighter on Oct 15, 2023.
             Was a Follower of Qazlal.
             Killed by nerve-wracking pain
             ... invoked by Menkaure
              (11 damage)
             ... on level 6 of the Dungeon.
             The game lasted 00:10:48 (6651 turns).

BinkBink the Cutter (Kobold Fighter)                Turns: 6651, Time: 00:10:49

Health: -2/48      AC:  8    Str: 14    XL:     8   Next: 24%
Magic:  8/8        EV: 13    Int:  9    God:    Qazlal [*.....]
Gold:   238        SH:  8    Dex: 22    Spells: 7/7 levels left

rFire   . . .        g - +1 short sword (vamp)
rCold   + . .        c - +0 buckler
rNeg    . . .        b - +0 scale mail
rPois   .            (no helmet)
rElec   .            u - +0 cloak
rCorr   .            (no gloves)
SInv    .            (no boots)
Will    .....        (no amulet)
Stlth   +++          l - +6 ring of dexterity
HPRegen 0.28/turn    o - ring of protection from cold
MPRegen 0.11/turn

%: no passive effects
@: no status effects
A: small, no large weapons, nightstalker 3
a: Renounce Religion


You were on level 6 of the Dungeon.
You worshipped Qazlal.
Qazlal was aware of your devotion.
You visited 1 branch of the dungeon, and saw 6 of its levels.

You collected 252 gold pieces.
You spent 14 gold pieces at shops.

Inventory:

Hand Weapons
 a - a +0 heavy rapier
 g - a +1 vampiric short sword (weapon)
Armour
 b - a +0 scale mail (worn)
 c - a +0 buckler (worn)
 u - a +0 cloak (worn)
Jewellery
 e - a +6 ring of strength
 l - a +6 ring of dexterity (left hand)
 o - a ring of protection from cold (right hand)
 s - a ring of positive energy
Talismans
 q - a dragon-blood talisman
Wands
 p - a wand of paralysis (3)
 r - a wand of quicksilver (7)
 w - a wand of polymorph (12)
Scrolls
 h - a scroll of fear {unknown}
 j - 4 scrolls of teleportation
 v - a scroll of identify
 x - a scroll of amnesia {unknown}
Potions
 d - 2 potions of might
 f - 2 potions of lignification
 i - a potion of attraction
 k - a potion of brilliance {unknown}
 m - 2 potions of enlightenment
 n - 3 potions of curing {unknown}
 t - a potion of heal wounds {unknown}


   Skills:
 + Level 4.9 Fighting
 * Level 6.7 Short Blades
 + Level 3.7 Armour
 + Level 3.5 Dodging
 + Level 4.5 Stealth
 + Level 3.5 Shields


You had 7 spell levels left.
You didn't know any spells.
Your spell library contained the following spells:

 Spells                   Type           Power      Damage    Failure   Level
 Apportation              Tloc           0%         N/A       91%         1
 Necrotise                Necr           0%         1d4       91%         1
 Summon Small Mammal      Summ           0%         N/A       91%         1
 Blink                    Tloc           0%         N/A       97%         2
 Cigotuvi's Dreadful Rot  Necr/Pois/Air  0%         N/A       97%         2
 Ensorcelled Hibernation  Hex/Ice        0%         N/A       97%         2
 Jinxbite                 Hex            0%         N/A       97%         2
 Lesser Beckoning         Tloc           0%         N/A       97%         2
 Momentum Strike          Conj/Tloc      0%         3d8       97%         2
 Sublimation of Blood     Necr           0%         N/A       97%         2
 Wereblood                Tmut           0%         N/A       97%         2
 Ignite Poison            Fire/Tmut/Pois 0%         N/A       100%        3
 Anguish                  Hex/Necr       0%         N/A       100%        4
 Manifold Assault         Tloc           0%         N/A       100%        4
 Freezing Cloud           Conj/Ice/Air   0%         6-21      100%        5
 Summon Hydra             Summ           0%         N/A       100%        7


Dungeon Overview and Level Annotations

Branches:
Dungeon (6/15)             Temple (0/1) D:5

Altars:
Cheibriados
Elyvilon
Fedhas
Kikubaaqudgha
Qazlal

Shops:
D:1 !

Annotations:
D:6 Menkaure


Innate Abilities, Weirdness & Mutations

You are small and have problems with some larger weapons.
You are completely attuned to the shadows.


Message History

Menkaure calls on the powers of darkness!
Your body is wracked with pain!
You hit Menkaure but do no damage. You block Menkaure's attack.
You hit Menkaure.
Menkaure is lightly damaged.
You hit Menkaure but do no damage.
Menkaure is lightly damaged.
Menkaure calls on the powers of darkness!
Your body is wracked with pain!
* * * LOW HITPOINT WARNING * * *
You hit Menkaure but do no damage.
Menkaure is lightly damaged.
Menkaure closely misses you.
You hit Menkaure.
Menkaure is moderately damaged.
Menkaure hits you but does no damage.
You hit Menkaure but do no damage.
Menkaure is moderately damaged.
Menkaure closely misses you.
You hit Menkaure but do no damage.
Menkaure is moderately damaged.
Menkaure hits you but does no damage.
You barely miss Menkaure.
Menkaure is moderately damaged.
You barely miss Menkaure.
Menkaure is moderately damaged.
Menkaure calls on the powers of darkness!
Your body is wracked with pain!
* * * LOW HITPOINT WARNING * * *
You hit Menkaure.
Menkaure is heavily damaged.
Menkaure hits you but does no damage.
You barely miss Menkaure.
Menkaure is heavily damaged.
Menkaure closely misses you.
You hit Menkaure but do no damage.
Menkaure is heavily damaged.
Menkaure points at you and mumbles some strange words.
Pain shoots through your body!
You die...

######### ### #..@M...#
#.###########.#####.#
##.............# #...#
......############M#####
......# #............#
......#####............#
##.......##............#
##†#####.##............#
...#####.##............#


You could see Menkaure (fast).

Vanquished Creatures
  Grinder (D:5)
  An ogre (D:5)
  A scorpion (D:5)
  A hound (D:5)
  2 orc priests (D:5)
  7 iguanas
  An orc wizard (D:3)
  A sleepcap (D:5)
  7 gnolls (D:4)
  5 adders
  2 worms
  6 dart slugs
  7 orcs
  6 ball pythons
  3 bats
  7 endoplasms
  4 giant cockroaches
  8 hobgoblins
  6 quokkas
  6 frilled lizards
  10 goblins
  11 kobolds
  4 rats
107 creatures vanquished.

Notes
Turn   | Place    | Note
-------+----------+-------------------------------------------
     0 | D:1      | BinkBink the Kobold Fighter began the quest for the Orb.
     0 | D:1      | Reached XP level 1. HP: 14/14 MP: 1/1
    99 | D:1      | Found a faded altar of an unknown god.
   115 | D:1      | Reached skill level 3 in Short Blades
   153 | D:1      | Reached XP level 2. HP: 19/19 MP: 2/2
   544 | D:1      | Found Hidemm's Distillery.
   549 | D:1      | Bought a potion of degeneration for 14 gold pieces
   646 | D:1      | Reached XP level 3. HP: 23/23 MP: 3/3
   742 | D:1      | Reached skill level 1 in Stealth
   891 | D:2      | Found a stormy altar of Qazlal.
   908 | D:2      | Became a worshipper of Qazlal Stormbringer
   986 | D:2      | Reached skill level 1 in Dodging
  1133 | D:2      | Reached XP level 4. HP: 28/28 MP: 4/4
  2377 | D:3      | Reached skill level 4 in Short Blades
  2515 | D:3      | Reached XP level 5. HP: 30/33 MP: 5/5
  2614 | D:3      | Reached * piety under Qazlal
  3061 | D:4      | Found a blossoming altar of Fedhas.
  3098 | D:4      | Found an ancient bone altar of Kikubaaqudgha.
  3197 | D:4      | Reached XP level 6. HP: 35/38 MP: 6/6
  3659 | D:4      | Reached skill level 5 in Short Blades
  3694 | D:4      | Noticed a torpor snail
  3696 | D:4      | Found a snail-covered altar of Cheibriados.
  3696 | D:4      | Noticed a torpor snail
  3702 | D:4      | Noticed a torpor snail
  3856 | D:4      | Found a white marble altar of Elyvilon.
  4343 | D:5      | Entered Level 5 of the Dungeon
  4435 | D:5      | Noticed Grinder
  4438 | D:5      | Paralysed by Grinder for 5 turns
  4554 | D:5      | Killed Grinder
  4555 | D:5      | Reached XP level 7. HP: 23/44 MP: 7/7
  4835 | D:5      | Reached skill level 6 in Short Blades
  5742 | D:5      | Reached XP level 8. HP: 28/48 MP: 8/8
  6085 | D:5      | Found a staircase to the Ecumenical Temple.
  6359 | D:6      | Noticed Menkaure
  6651 | D:6      | Killed from afar by Menkaure

Illustrated notes

Levels and vault maps discovered:
D:1:      elethiomel_arrival_quiet, layout_basic, shapermc_ecumenical_altar_gd,
          serial_shops, nicolae_shop_hallway_plus
D:2:      layout_basic, basic_altar, minmay_curled_crystal, minmay_octomino_e4
D:3:      layout_rooms, chequers_serial_rivers_micro_a
D:4:      layout_basic, cheibriados_altar_2, old_standard_altar,
          grunt_temple_overflow_growth_and_decay, cheibrodos_sewer_entry_bend,
          nicolae_tricolors
D:5:      wad_lake_hut, layout_basic, temple_fountains, uniq_grinder
D:6:      layout_basic, uniq_menkaure

Skill      XL: |  1  2  3  4  5  6  7 |
---------------+----------------------+-----
Short Blades   | 3 4 5 6 |  6.7
Stealth        | 1 2 3 4 |  4.5
Dodging        | 1 2 3 |  3.5
Armour         | 3 |  3.7
Fighting       | 4 |  4.9
Shields        | 3 |  3.5

Action                     |  1- 3 |  4- 6 |  7- 9 || total
---------------------------+-------+-------+-------++-------
  Melee: Rapier            |    45 |       |       ||    45
         Short sword       |    89 |   338 |   120 ||   547
    Use: Scroll            |       |     8 |       ||     8
   Stab: Sleeping          |     5 |     3 |       ||     8
         Distracted        |       |     1 |       ||     1
 Armour: Scale mail        |    54 |   140 |    45 ||   239
  Dodge: Dodged            |    60 |   134 |    26 ||   220
  Block: Buckler           |    24 |    78 |    18 ||   120

Table legend: (Time is in decaauts)
 A = Elapsed time spent in this place.
 B = Non-inter-level travel time spent in this place.
 C = Inter-level travel time spent in this place.
 D = Time resting spent in this place.
 E = Time spent auto-exploring this place.
 F = Levels seen in this place.
 G = Mean time per level.
                   A        B        C        D        E       F      G
               +--------+--------+--------+--------+--------+-----+--------+
         Total |   6648 |   6342 |    306 |    956 |   4053 |   6 | 1108.0 |
       Dungeon |   6648 |   6342 |    306 |    956 |   4053 |   6 | 1108.0 |
               +--------+--------+--------+--------+--------+-----+--------+

Top non-repeatable levels by time:
     D:5: 1952 daAuts
     D:2: 1587 daAuts
     D:4: 1339 daAuts
     D:1: 883 daAuts
     D:3: 680 daAuts
     D:6: 206 daAuts
